 Dungeon Crawl Stone Soup version 0.32-a0-685-g93135e8 (webtiles) character file.

Game seed: 11392529308788051598

1731 Dorkslayer the Ruffian (level 9, -3/57 HPs)
             Began as an Octopode Fighter on Mar 12, 2024.
             Slain by a gnoll sergeant
             ... wielding a +0 spear
              (13 damage)
             ... on level 7 of the Dungeon.
             The game lasted 00:10:21 (5647 turns).

Dorkslayer the Ruffian (Octopode Fighter)           Turns: 5647, Time: 00:10:21

Health: -3/57      AC:  1    Str: 19    XL:     9   Next: 5%
Magic:  9/9        EV: 13    Int: 11    God:
Gold:   275        SH:  9    Dex: 11    Spells: 8/8 levels left

rFire   . .          .
                       - Unarmed
rCold   . . .        a - +0 buckler
rNeg    . . .        (helmet restricted)
rPois   .            q - amulet of reflection
rElec   .            (no ring)
rCorr   .            (no ring)
SInv    .            (no ring)
Will    .....        (no ring)
Stlth   ++++         (no ring)
HPRegen 0.29/turn    (no ring)
MPRegen 0.11/turn    (no ring)
                     (no ring)

%: reflection
@: lethally poisoned (-3 -> -9)
A: almost no armour, amphibious, 8 rings, camouflage 1, gelatinous body 1,
(nimble swimmer 1), tentacles
a: no special abilities


You were on level 7 of the Dungeon.
You visited 1 branch of the dungeon, and saw 7 of its levels.

You collected 275 gold pieces.

Inventory:

Hand Weapons
 b - a +3 flail of holy wrath
 s - a +0 trident
Missiles
 c - 3 boomerangs
 f - 2 atropa-tipped darts (quivered)
Armour
 a - a +0 buckler (worn)
Jewellery
 q - an amulet of reflection (around mantle)
Talismans
 g - a flux talisman
Wands
 k - a wand of flame (40)
 u - a wand of charming (8)
Scrolls
 d - a scroll of vulnerability {unknown}
 e - a scroll of fear
 j - a scroll of revelation {unknown}
 m - a scroll of immolation
 n - a scroll of blinking {unknown}
 o - a scroll of enchant armour {unknown}
 p - a scroll of amnesia {unknown}
 r - 2 scrolls of enchant weapon {unknown}
 v - a scroll of fog {unknown}
 x - a scroll of brand weapon {unknown}
 y - a scroll of identify
Potions
 h - a potion of mutation
 i - a potion of lignification
 l - a potion of resistance {unknown}
 t - a potion of cancellation
 w - a potion of brilliance {unknown}
 z - a potion of heal wounds


   Skills:
 + Level 3.6 Fighting
 + Level 0.2 Throwing
 + Level 4.1 Dodging
 + Level 5.6 Stealth
 + Level 4.1 Shields
 * Level 7.8 Unarmed Combat
 * Level 3.0 Evocations
 * Level 3.9 Shapeshifting


You had 8 spell levels left.
You didn't know any spells.
Your spell library contained the following spells:

 Spells                   Type           Power      Damage    Failure   Level
 Slow                     Hex            0%         N/A       41%         1
 Ensorcelled Hibernation  Hex/Ice        0%         N/A       54%         2
 Confusing Touch          Hex            0%         N/A       78%         3
 Fugue of the Fallen      Necr           0%         N/A       78%         3
 Vampiric Draining        Necr           0%         2d6       78%         3
 Volatile Blastmotes      Fire/Tloc      0%         2d10      78%         3
 Anguish                  Hex/Necr       0%         N/A       99%         4
 Fulminant Prism          Conj/Alch      0%         3d5       99%         4
 Iskenderun's Mystic Bla  Conj/Tloc      0%         2d3       99%         4


Dungeon Overview and Level Annotations

Branches:
Dungeon (7/15)
 Temple: D:4-7

Altars:

Shops:
D:1 =   D:5 (


Innate Abilities, Weirdness & Mutations

You cannot wear most types of armour.
You are amphibious.
You can wear up to eight rings at the same time.
Your skin changes colour to match your surroundings (Stealth+).
Your rubbery body absorbs attacks. (AC +1, EV +1)
((You are camouflaged when in or above water. (Stealth+)))
You have tentacles for arms and can constrict up to eight enemies at once.


Message History

A gnoll comes into view. It is wielding a +0 flail.
A gnoll comes into view. It is wielding a +0 club.
The helpless scorpion fails to defend itself.
You tentacle-slap the scorpion.
The gnoll sergeant shouts!
The gnoll shouts! x2
Your grab misses the scorpion.
The scorpion is moderately wounded.
The scorpion stings you.
You barely miss the scorpion. Your grab misses the scorpion.
The scorpion is moderately wounded.
The scorpion closely misses you.
You barely miss the scorpion. Your grab misses the scorpion.
You squeeze the scorpion!
The scorpion is severely wounded.
A gnoll comes into view. It is wielding a +0 spear.
The gnoll sergeant hits you from afar with a +0 spear!
The scorpion stings you. The scorpion attacks as it pursues you!
The scorpion closely misses you. The scorpion attacks as it pursues you!
The scorpion stings you!
The gnoll sergeant attacks as it pursues you!
The gnoll sergeant completely misses you.
The scorpion attacks as it pursues you! The scorpion completely misses you.
The gnoll sergeant attacks as it pursues you!
The gnoll sergeant hits you from afar with a +0 spear!
The gnoll sergeant attacks as it pursues you!
The gnoll sergeant completely misses you.
The scorpion stings you.
You are poisoned.
The scorpion poisons you!
Aiming: Charm
Press: ? - help, Shift-Dir - straight line, f - scorpion
Aim: a scorpion (severely wounded, chance to affect: 56%)
The scorpion is charmed.
You feel very sick.
The gnoll sergeant hits you from afar with a +0 spear!
* * * LOW HITPOINT WARNING * * *
You feel sick.
The gnoll sergeant attacks as it pursues you!
The gnoll sergeant hits you from afar with a +0 spear!
You die...

#.#########
#......<..#
#########@#
#s# #g# #.#
#g# #g# #.#
#.# ..#


You could see a gnoll sergeant, 2 gnolls and a friendly scorpion (charmed).

Vanquished Creatures
  A water moccasin (D:5)
  An ice beast (D:5)
  3 black bears
  An ogre (D:5)
  3 phantoms (D:4)
  4 scorpions
  2 bullfrogs (D:6)
  3 howler monkeys
  A bombardier beetle (D:4)
  2 orc priests
  2 hounds
  A jelly (D:5)
  2 sleepcaps
  An iguana (D:6)
  An orc wizard (D:6)
  4 gnolls (D:3)
  8 adders
  A white imp (D:6)
  2 ufetubi (D:6)
  2 ribbon worms (D:3)
  A dart slug (D:2)
  10 orcs
  4 bats
  4 endoplasms
  4 giant cockroaches
  3 goblins
  3 hobgoblins
  7 jackals
  6 kobolds
  2 ball pythons
  2 frilled lizards
  4 rats
95 creatures vanquished.

Vanquished Creatures (others)
  A centaur (D:6)
1 creature vanquished.

Grand Total: 96 creatures vanquished

Notes
Turn   | Place    | Note
-------+----------+-------------------------------------------
     0 | D:1      | Dorkslayer the Octopode Fighter began the quest for the
                  | Orb.
     0 | D:1      | Reached XP level 1. HP: 16/16 MP: 1/1
   160 | D:1      | Reached XP level 2. HP: 21/21 MP: 2/2
   236 | D:1      | Found Facit's Jewellery Shoppe.
   849 | D:2      | Reached XP level 3. HP: 26/26 MP: 3/3
   858 | D:2      | Reached skill level 1 in Stealth
  1448 | D:2      | Reached XP level 4. HP: 31/31 MP: 4/4
  1773 | D:3      | Reached skill level 3 in Unarmed Combat
  1779 | D:3      | Reached skill level 1 in Shapeshifting
  2619 | D:4      | Noticed a phantom
  2641 | D:4      | Killed a phantom
  2642 | D:4      | Reached XP level 5. HP: 23/36 MP: 5/5
  2740 | D:4      | Reached skill level 4 in Unarmed Combat
  2740 | D:4      | Reached XP level 6. HP: 20/42 MP: 6/6
  3115 | D:4      | Reached skill level 5 in Unarmed Combat
  3115 | D:4      | Reached XP level 7. HP: 45/46 MP: 7/7
  3748 | D:5      | Entered Level 5 of the Dungeon
  3934 | D:5      | Found Ceghuyfet's Weapon Shop.
  4114 | D:5      | Reached skill level 6 in Unarmed Combat
  4343 | D:5      | Reached XP level 8. HP: 52/52 MP: 8/8
  4370 | D:5      | Reached skill level 5 in Stealth
  4370 | D:5      | Reached skill level 1 in Evocations
  4695 | D:5      | Reached skill level 7 in Unarmed Combat
  5016 | D:6      | Reached XP level 9. HP: 26/57 MP: 9/9
  5647 | D:7      | Slain by a gnoll sergeant

Illustrated notes

Levels and vault maps discovered:
D:1:      lightli_arrival_maybe_door_vault, layout_loops_ring, serial_shops,
          nicolae_shop_just_a_little_nook
D:2:      layout_basic, nicolae_elevator_lobby_asterisk
D:3:      layout_basic
D:4:      layout_gridville, nrook_campfire, grunt_decor_mini_mirrors
D:5:      layout_basic, serial_shops, shop, ebering_dispersal_statue_hall
D:6:      layout_basic
D:7:      layout_loops_ring, slow_altar_1, jmf_multi_god_temple,
          temple_fountains, serial_shops, kennysheep_mini, corexii_checkpoint,
          uniq_pikel

Skill      XL: |  1  2  3  4  5  6  7  8  9 |
---------------+----------------------------+-----
Stealth        | 1 2 3 4 5 |  5.6
Unarmed Combat | 3 4 5 6 7 |  7.8
Shapeshifting  | 1 2 3 |  3.9
Evocations     | 2 3 |  3.0
Shields        | 4 |  4.1
Dodging        | 4 |  4.1
Fighting       | |  3.6
Throwing       | |  0.2

Action                     |  1- 3 |  4- 6 |  7- 9 || total
---------------------------+-------+-------+-------++-------
  Melee: Unarmed           |    72 |    74 |   135 ||   281
         Constrict         |    18 |    13 |    28 ||    59
         Tentacles         |    11 |    13 |    37 ||    61
         Punch             |     2 |     3 |     6 ||    11
  Throw: Dart              |       |       |     3 ||     3
  Evoke: Wand              |       |       |     5 ||     5
    Use: Potion            |       |     6 |     5 ||    11
         Scroll            |       |       |     7 ||     7
   Stab: Sleeping          |     8 |     6 |     6 ||    20
         Invisible         |       |       |     1 ||     1
 Armour: Skin              |    35 |    32 |    60 ||   127
  Dodge: Dodged            |    23 |    26 |    53 ||   102
  Block: Buckler           |    15 |    10 |    53 ||    78
         Reflection        |       |       |     1 ||     1

Table legend: (Time is in decaauts)
 A = Elapsed time spent in this place.
 B = Non-inter-level travel time spent in this place.
 C = Inter-level travel time spent in this place.
 D = Time resting spent in this place.
 E = Time spent auto-exploring this place.
 F = Levels seen in this place.
 G = Mean time per level.
                   A        B        C        D        E       F      G
               +--------+--------+--------+--------+--------+-----+--------+
         Total |   5599 |   5599 |      0 |     80 |   3369 |   7 |  799.9 |
       Dungeon |   5599 |   5599 |      0 |     80 |   3369 |   7 |  799.9 |
               +--------+--------+--------+--------+--------+-----+--------+

Top non-repeatable levels by time:
     D:4: 1132 daAuts
     D:5: 1095 daAuts
     D:2: 1073 daAuts
     D:3: 890 daAuts
     D:6: 756 daAuts
     D:1: 632 daAuts
     D:7: 20 daAuts
